Little Stars vs Diablos

Created - December 13, 2020 at 19:24

Goals
1 2 3 OT1 T
Little Stars 0 2 0 1 3
Diablos 0 1 1 0 2
Shots
1 2 3 OT1 T
Little Stars 8 24 3 2 37
Diablos 8 13 8 0 29

1st period

No Goal

Penalties :
Jesse Joensuu (Tex) for Holding (Minor) at 2:33, Reece Willcox (Tex) for Roughing (Minor) at 12:40, Adrian Kempe (Don) for Interference (Minor) at 18:42

2nd period

1. Little Stars , Scott Kosmachuck 20 (Jesse Joensuu 25, Evgeny Kuznetsov 18) at 7:31
2. Diablos , Corey Tropp 6 (Corey Trivino 10) at 12:07
3. Little Stars , Adam Tambellini 11 (Dana Tyrell 27, Ilya Mikheyev 14) at 18:19

Penalties :
Patrick Wiercioch (Tex) for Holding (Minor) at 3:06

3rd period

4. Diablos , Peter Holland 14 (Jakub Vrana 7) at 4:42

Penalties :
Ilya Mikheyev (Tex) for Interference (Minor) at 5:24, Sergey Tolchinsky (Don) for Tripping (Minor) at 11:28, Sebastian Wannstrom (Tex) for Hooking (Minor) at 16:25

Overtime #1

5. Little Stars , Joakim Nygard 9 (Scott Kosmachuck 12) at 1:02

Penalties :
No Penalty

Goalie Stats

Dustin Tokarski (Tex), 27 saves from 29 shots - (0.931), W, 7-8-1, 61:02 minutes
Joni Ortio (Don), 34 saves from 37 shots - (0.919), OTL, 10-6-3, 61:02 minutes

Players Stats for Little Stars

Player Name              G  A  P  +/- PIM S  H  SB GA TA FO     MP     PP MP  PK MP  
------------------------------------------------------------------------------------
Adam Tambellini          1  0  1   1  0   4  0  0  0  0  0/0    13:28   2:02   0:00 
Anton Cederholm          0  0  0   1  0   2  3  0  0  0  0/0    21:13   1:27   4:15 
Dana Tyrell              0  1  1   1  0   7  4  0  0  1  16/22  19:39   2:02   5:28 
Daniel O'regan           0  0  0  -1  0   1  4  0  0  0  2/3    13:41   0:00   2:39 
Evgeny Kuznetsov         0  1  1   1  0   4  1  0  0  0  14/29  23:00   1:56   5:21 
Ilya Mikheyev            0  1  1   1  2   2  1  0  0  0  1/1    13:27   2:02   0:00 
Jason Dickinson          0  0  0  -1  0   4  1  0  0  0  1/5     8:43   0:00   0:12 
Jesse Joensuu            0  1  1   1  2   1  2  0  1  0  1/1    19:14   1:56   2:05 
Joakim Nygard            1  0  1   0  0   3  1  0  1  0  0/0    12:54   0:00   1:16 
Michael Mersch           0  0  0   0  0   0  3  0  0  0  0/0     8:52   0:00   0:00 
Patrick Wiercioch        0  0  0   0  2   2  4  1  0  0  0/0    27:26   2:31   4:23 
Reece Willcox            0  0  0   0  2   0  1  3  0  0  0/0    16:36   1:27   3:27 
Scott Kosmachuck         1  1  2   1  0   2  1  1  1  0  1/1    19:56   1:56   2:49 
Sebastian Wannstrom      0  0  0  -1  2   0  0  0  0  0  0/0     9:57   0:00   0:00 
Tucker Poolman           0  0  0   1  0   1  0  2  1  0  0/0    17:50   0:00   1:31 
Tyler Wotherspoon        0  0  0   0  0   3  1  1  0  1  0/0    28:00   2:31   5:35 
Ville Pokka              0  0  0   0  0   1  0  2  0  0  0/0    11:44   0:00   0:39 
Zach Budish              0  0  0  -1  0   0  2  0  0  0  0/0     8:28   0:00   0:00 

Players Stats for Diablos

Player Name              G  A  P  +/- PIM S  H  SB GA TA FO     MP     PP MP  PK MP  
------------------------------------------------------------------------------------
Adam Gaudette            0  0  0   0  0   2  0  1  0  0  1/6    13:55   0:17   0:18 
Adrian Kempe             0  0  0  -1  2   3  1  1  0  1  1/1    22:03   5:09   0:00 
Alex Petrovic            0  0  0  -2  0   1  1  2  1  0  0/0    23:41   4:45   1:35 
Andrei Mironov           0  0  0   0  0   0  0  0  0  0  0/0     8:02   1:45   0:00 
Andrey Pedan             0  0  0   1  0   0  1  1  0  0  0/0    11:48   0:00   0:00 
Brian Dumoulin           0  0  0  -1  0   2  2  2  1  0  0/0    28:22   5:33   1:51 
Corey Trivino            0  1  1   0  0   3  1  1  0  0  1/7    15:29   4:29   2:24 
Corey Tropp              1  0  1   1  0   4  0  1  0  0  0/1     9:23   0:00   0:59 
Danton Heinen            0  0  0  -2  0   2  3  0  0  0  1/1    21:09   5:09   0:00 
Dean Kukan               0  0  0   1  0   0  1  0  0  0  0/0    20:42   2:37   2:07 
Dominic Turgeon          0  0  0   0  0   0  1  0  0  1  3/5     8:51   0:00   0:00 
Jakub Vrana              0  1  1   0  0   0  2  0  0  1  0/0     8:51   0:00   0:00 
Jiri Sekac               0  0  0   0  0   1  3  0  0  0  0/1    17:30   4:20   0:36 
Peter Holland            1  0  1  -1  0   3  3  0  0  1  19/38  23:15   5:09   0:58 
Sergey Tolchinsky        0  0  0   1  2   0  1  0  0  0  0/1     9:33   0:26   0:17 
Ty Rattie                0  0  0   0  0   3  1  0  0  0  0/0     9:35   0:26   0:00 
Tyler Pitlick            0  0  0   0  0   3  0  1  0  0  0/1    19:16   4:20   2:24 
Viktor Loov              0  0  0  -1  0   2  1  1  0  0  0/0    28:43   5:10   2:23 

3 Stars

1 - Scott Kosmachuck (Tex)
2 - Adam Tambellini (Tex)
3 - Dana Tyrell (Tex)

Power Play

Little Stars - 0 on 2 Attempt(s) - 0.00%
Diablos - 0 on 5 Attempt(s) - 0.00%

Penalty Kill

Little Stars - 5 on 5 Attempt(s) - 100.00% - Score 0 goal in Penalty Kill
Diablos - 2 on 2 Attempt(s) - 100.00% - Score 0 goal in Penalty Kill

Team Stat

Little Stars - Hits : 29 - Faceoff Wins : 36 - Blocked Shots : 10 - Penalty Minutes : 10
Diablos - Hits : 22 - Faceoff Wins : 26 - Blocked Shots : 11 - Penalty Minutes : 4

Official

Referees : Unknown
Linesman : Unknown

Game Notes

Andrei Mironov is injured at 2:39 of 2nd period (Torn Left Knee Ligaments)

Finance

Level 1 -- Attendance: 1958 (97.90%) -- Ticket Income $39,160
Level 2 -- Attendance: 1000 (100.00%) -- Ticket Income $13,000
Total Attendance: 2958 (98.60%)
Total Ticket Income: $52,160
Other Income: $2,608
Total Income: $54,768

Little Stars

5 vs 5 Forward 
   Center                   Left Wing                Right Wing               Time % Phy DF OF 
 1 Evgeny Kuznetsov         Jesse Joensuu            Scott Kosmachuck         40     1   2  2  
 2 Dana Tyrell              Adam Tambellini          Ilya Mikheyev            30     1   2  2  
 3 Daniel O'regan           Joakim Nygard            Sebastian Wannstrom      20     1   2  2  
 4 Jason Dickinson          Michael Mersch           Zach Budish              10     1   2  2  

5 vs 5 Defense 
   Defense                  Defense                                           Time % Phy DF OF 
 1 Tyler Wotherspoon        Patrick Wiercioch                                 40     1   2  2  
 2 Anton Cederholm          Tucker Poolman                                    30     1   2  2  
 3 Reece Willcox            Ville Pokka                                       20     1   2  2  
 4 Tyler Wotherspoon        Patrick Wiercioch                                 10     1   2  2  

PowerPlay Forward 
   Center                   Left Wing                Right Wing               Time % Phy DF OF 
 1 Evgeny Kuznetsov         Jesse Joensuu            Scott Kosmachuck         60     0   2  3  
 2 Dana Tyrell              Adam Tambellini          Ilya Mikheyev            40     0   2  3  

PowerPlay Defense
   Defense                  Defense                                           Time % Phy DF OF 
 1 Tyler Wotherspoon        Patrick Wiercioch                                 60     0   2  3  
 2 Anton Cederholm          Reece Willcox                                     40     0   2  3  

Penalty Kill 4 Players Forward 
   Center                   Wing                     Time % Phy DF OF 
 1 Dana Tyrell              Evgeny Kuznetsov         60     0   3  2  
 2 Jesse Joensuu            Scott Kosmachuck         40     0   3  2  

Penalty Kill 4 Players Defense
   Defense                  Defense                  Time % Phy DF OF 
 1 Tyler Wotherspoon        Patrick Wiercioch        60     0   3  2  
 2 Anton Cederholm          Reece Willcox            40     0   3  2  

Penalty Kill - 3 Players Forward 
   Forward                                           Time % Phy DF OF 
 1 Dana Tyrell                                       60     0   3  2  
 2 Evgeny Kuznetsov                                  40     0   3  2  

Penalty Kill - 3 Players Defense
   Defense                  Defense                  Time % Phy DF OF 
 1 Tyler Wotherspoon        Patrick Wiercioch        60     0   3  2  
 2 Anton Cederholm          Reece Willcox            40     0   3  2  

4 vs 4 Forward 
   Center                   Wing                     Time % Phy DF OF 
 1 Dana Tyrell              Evgeny Kuznetsov         60     0   2  3  
 2 Jesse Joensuu            Scott Kosmachuck         40     0   2  3  

4 vs 4 Defense
   Defense                  Defense                  Time % Phy DF OF 
 1 Tyler Wotherspoon        Patrick Wiercioch        60     0   2  3  
 2 Anton Cederholm          Reece Willcox            40     0   2  3  

Last Minutes Offensive
   Center                   Left Wing                Right Wing               Defense                  Defense                  
   Dana Tyrell              Jesse Joensuu            Scott Kosmachuck         Tyler Wotherspoon        Patrick Wiercioch        

Last Minutes Defensive
   Center                   Left Wing                Right Wing               Defense                  Defense                  
   Dana Tyrell              Jesse Joensuu            Scott Kosmachuck         Tyler Wotherspoon        Patrick Wiercioch        

Goaltenders
Starting : Dustin Tokarski          
Backup : Connor Knapp             

Extra Forwards
Normal : Joakim Nygard, Michael Mersch, Daniel O'regan - PP : Joakim Nygard, Michael Mersch - PK : Daniel O'regan
Extra Defensemen
Normal : Reece Willcox, Tucker Poolman, Anton Cederholm - PP : Reece Willcox - PK : Tucker Poolman, Anton Cederholm
Penalty Shots
Dana Tyrell, Evgeny Kuznetsov, Jesse Joensuu, Scott Kosmachuck, Ilya Mikheyev

Scratches
Roman Horak (Healthy), Lawrence Pilut (Healthy), Justin Auger (Healthy), Eric Knodel (Healthy), Rudolfs Balcers (Healthy)
Yakov Trenin (Healthy), Jean-Christophe Beaudin (Healthy), Daniil Tarasov (Healthy), Emile Poirier (Healthy), Shane Gersich (Healthy)
Radel Fazleev (Healthy), Julien Nantel (Healthy), Peter Delmas (Healthy)

Diablos

5 vs 5 Forward 
   Center                   Left Wing                Right Wing               Time % Phy DF OF 
 1 Peter Holland            Adrian Kempe             Danton Heinen            45     0   2  3  
 2 Adam Gaudette            Jiri Sekac               Tyler Pitlick            30     0   2  3  
 3 Corey Trivino            Sergey Tolchinsky        Corey Tropp              15     0   2  3  
 4 Dominic Turgeon          Jakub Vrana              Ty Rattie                10     0   3  2  

5 vs 5 Defense 
   Defense                  Defense                                           Time % Phy DF OF 
 1 Viktor Loov              Brian Dumoulin                                    40     0   3  2  
 2 Alex Petrovic            Andrei Mironov                                    30     0   3  2  
 3 Dean Kukan               Andrey Pedan                                      20     0   4  1  
 4 Viktor Loov              Brian Dumoulin                                    10     0   3  2  

PowerPlay Forward 
   Center                   Left Wing                Right Wing               Time % Phy DF OF 
 1 Peter Holland            Adrian Kempe             Danton Heinen            60     0   0  5  
 2 Corey Trivino            Jiri Sekac               Tyler Pitlick            40     0   0  5  

PowerPlay Defense
   Defense                  Defense                                           Time % Phy DF OF 
 1 Brian Dumoulin           Viktor Loov                                       60     0   1  4  
 2 Andrei Mironov           Alex Petrovic                                     40     0   1  4  

Penalty Kill 4 Players Forward 
   Center                   Wing                     Time % Phy DF OF 
 1 Corey Trivino            Tyler Pitlick            60     1   4  0  
 2 Peter Holland            Sergey Tolchinsky        40     1   4  0  

Penalty Kill 4 Players Defense
   Defense                  Defense                  Time % Phy DF OF 
 1 Dean Kukan               Viktor Loov              60     1   4  0  
 2 Brian Dumoulin           Alex Petrovic            40     1   4  0  

Penalty Kill - 3 Players Forward 
   Forward                                           Time % Phy DF OF 
 1 Corey Trivino                                     60     0   5  0  
 2 Adam Gaudette                                     40     0   5  0  

Penalty Kill - 3 Players Defense
   Defense                  Defense                  Time % Phy DF OF 
 1 Dean Kukan               Viktor Loov              60     0   5  0  
 2 Alex Petrovic            Andrey Pedan             40     0   5  0  

4 vs 4 Forward 
   Center                   Wing                     Time % Phy DF OF 
 1 Peter Holland            Adrian Kempe             60     0   2  3  
 2 Corey Trivino            Danton Heinen            40     0   2  3  

4 vs 4 Defense
   Defense                  Defense                  Time % Phy DF OF 
 1 Viktor Loov              Brian Dumoulin           60     0   2  3  
 2 Andrei Mironov           Dean Kukan               40     0   2  3  

Last Minutes Offensive
   Center                   Left Wing                Right Wing               Defense                  Defense                  
   Peter Holland            Adrian Kempe             Danton Heinen            Brian Dumoulin           Viktor Loov              

Last Minutes Defensive
   Center                   Left Wing                Right Wing               Defense                  Defense                  
   Corey Trivino            Sergey Tolchinsky        Corey Tropp              Viktor Loov              Dean Kukan               

Goaltenders
Starting : Joni Ortio               
Backup : Jean-Francois Berube     

Extra Forwards
Normal : Adrian Kempe, Danton Heinen, Peter Holland - PP : Danton Heinen, Adrian Kempe - PK : Corey Tropp
Extra Defensemen
Normal : Brian Dumoulin, Viktor Loov, Andrei Mironov - PP : Brian Dumoulin - PK : Dean Kukan, Viktor Loov
Penalty Shots
Peter Holland, Adrian Kempe, Danton Heinen, Corey Trivino, Corey Tropp

Scratches
Mason Appleton (Healthy), Guillaume Brisebois (Healthy), Tyler Lewington (Healthy), Daniel Sprong (Healthy), Tobias Lindberg (Healthy)
Scott Glennie (Healthy), Charles Hudon (Healthy), Jack Glover (Healthy), Ryan MacInnis (Healthy)

% Time on Ice - Little Stars

Lines # - Real PCT - Wanted PCT - Time Play
Normal Forward
1 - 35% - 40% - 16:21
2 - 25% - 30% - 11:26
3 - 21% - 20% - 9:52
4 - 18% - 10% - 8:28
Normal Defense
1 - 39% - 40% - 18:06
2 - 34% - 30% - 15:52
3 - 22% - 20% - 10:22
4 - 4% - 10% - 1:47
PP Forward
1 - 49% - 60% - 1:56
2 - 51% - 40% - 2:02
PP Defense
1 - 63% - 60% - 2:31
2 - 37% - 40% - 1:27
PK Forward
1 - 72% - 60% - 7:06
2 - 28% - 40% - 2:49
PK Defense
1 - 58% - 60% - 5:44
2 - 42% - 40% - 4:11
PK3 Forward
1 - 0% - 60%
2 - 0% - 40%
PK3 Defense
1 - 0% - 60%
2 - 0% - 40%
44 Forward
1 - 95% - 60% - 0:59
2 - 5% - 40% - 0:03
44 Defense
1 - 65% - 60% - 0:40
2 - 35% - 40% - 0:22
Last Minute Offensive  - 0:00
Last Minute Defensive  - 0:00
Total
Forward - 61:02
Defense - 61:02

% Time on Ice - Diablos

Lines # - Real PCT - Wanted PCT - Time Play
Normal Forward
1 - 35% - 45% - 16:22
2 - 27% - 30% - 12:30
3 - 18% - 15% - 8:24
4 - 19% - 10% - 8:51
Normal Defense
1 - 34% - 40% - 15:44
2 - 42% - 30% - 19:25
3 - 22% - 20% - 10:20
4 - 1% - 10% - 0:38
PP Forward
1 - 55% - 60% - 5:26
2 - 45% - 40% - 4:29
PP Defense
1 - 52% - 60% - 5:10
2 - 48% - 40% - 4:45
PK Forward
1 - 76% - 60% - 3:00
2 - 24% - 40% - 0:58
PK Defense
1 - 53% - 60% - 2:07
2 - 47% - 40% - 1:51
PK3 Forward
1 - 0% - 60%
2 - 0% - 40%
PK3 Defense
1 - 0% - 60%
2 - 0% - 40%
44 Forward
1 - 89% - 60% - 0:55
2 - 11% - 40% - 0:07
44 Defense
1 - 100% - 60% - 1:02
2 - 0% - 40% - 0:00
Last Minute Offensive  - 0:00
Last Minute Defensive  - 0:00
Total
Forward - 61:02
Defense - 61:02

Play-by-Play

1st period


0:01 of 1st period - Evgeny Kuznetsov wins face-off versus Peter Holland in neutral zone.
0:14 of 1st period - Snap shot by Danton Heinen.
0:14 of 1st period - Shot Misses the Net.
0:16 of 1st period - Slapshot by Viktor Loov.
0:16 of 1st period - Deflect By Danton Heinen.
0:16 of 1st period - Shot Blocked by Tyler Wotherspoon.
0:16 of 1st period - Puck is out of play.
0:17 of 1st period - Dana Tyrell wins face-off versus Adam Gaudette in Little Stars zone.
0:17 of 1st period - Dana Tyrell is hit by Jiri Sekac.
0:25 of 1st period - Slapshot by Dana Tyrell.
0:25 of 1st period - Stopped by Joni Ortio with a rebound.
0:49 of 1st period - Snap shot by Corey Trivino.
0:49 of 1st period - Stopped by Dustin Tokarski with a rebound.
1:31 of 1st period - Slapshot by Jason Dickinson.
1:31 of 1st period - Stopped by Joni Ortio without a rebound.
1:32 of 1st period - Adam Gaudette wins face-off versus Jason Dickinson in Diablos zone.
2:02 of 1st period - Off-side.
2:03 of 1st period - Peter Holland wins face-off versus Dana Tyrell in neutral zone.
2:13 of 1st period - Icing by Anton Cederholm.
2:14 of 1st period - Dana Tyrell wins face-off versus Dominic Turgeon in Little Stars zone.
2:14 of 1st period - Dana Tyrell is hit by Brian Dumoulin.
2:22 of 1st period - Snap shot by Dana Tyrell.
2:22 of 1st period - Stopped by Joni Ortio with a rebound.
2:24 of 1st period - Slapshot by Ilya Mikheyev.
2:24 of 1st period - Deflect By Adam Tambellini.
2:24 of 1st period - Shot Misses the Net.
2:24 of 1st period - Puck is out of play.
2:25 of 1st period - Peter Holland wins face-off versus Evgeny Kuznetsov in Diablos zone.
2:33 of 1st period - Minor Penalty to Jesse Joensuu for Holding.
2:34 of 1st period - Peter Holland wins face-off versus Evgeny Kuznetsov in Little Stars zone.
2:36 of 1st period - Wrist shot by Peter Holland.
2:36 of 1st period - Stopped by Dustin Tokarski with a rebound.
2:38 of 1st period - Snap shot by Danton Heinen.
2:38 of 1st period - Stopped by Dustin Tokarski with a rebound.
2:59 of 1st period - Brian Dumoulin is hit by Scott Kosmachuck and loses puck.
3:26 of 1st period - Tyler Wotherspoon is hit by Peter Holland and loses puck.
4:33 of 1st period - Penalty to Jesse Joensuu is over, Jesse Joensuu is back on ice.
4:57 of 1st period - Dana Tyrell is hit by Corey Trivino and loses puck.
5:54 of 1st period - Jakub Vrana is hit by Michael Mersch.
6:02 of 1st period - Dominic Turgeon is hit by Zach Budish and loses puck.
6:13 of 1st period - Dominic Turgeon is hit by Evgeny Kuznetsov and loses puck.
6:33 of 1st period - Off-side.
6:34 of 1st period - Peter Holland wins face-off versus Dana Tyrell in neutral zone.
6:37 of 1st period - Wrist shot by Adrian Kempe.
6:37 of 1st period - Shot Misses the Net.
6:39 of 1st period - Snap shot by Peter Holland.
6:39 of 1st period - Stopped by Dustin Tokarski with a rebound.
6:41 of 1st period - Snap shot by Viktor Loov.
6:41 of 1st period - Deflect By Anton Cederholm.
6:41 of 1st period - Stopped by Dustin Tokarski without a rebound.
6:42 of 1st period - Scott Kosmachuck wins face-off versus Peter Holland in Little Stars zone.
6:46 of 1st period - Off-side.
6:47 of 1st period - Evgeny Kuznetsov wins face-off versus Peter Holland in neutral zone.
8:19 of 1st period - Andrey Pedan is hit by Anton Cederholm and loses puck.
8:35 of 1st period - Off-side.
8:36 of 1st period - Daniel O'regan wins face-off versus Adam Gaudette in neutral zone.
9:43 of 1st period - Snap shot by Jiri Sekac.
9:43 of 1st period - Shot Misses the Net.
10:13 of 1st period - Snap shot by Joakim Nygard.
10:13 of 1st period - Stopped by Joni Ortio with a rebound.
10:46 of 1st period - Slapshot by Daniel O'regan.
10:46 of 1st period - Shot Misses the Net.
10:48 of 1st period - Snap shot by Joakim Nygard.
10:48 of 1st period - Shot Blocked by Alex Petrovic.
10:50 of 1st period - Slapshot by Tyler Wotherspoon.
10:50 of 1st period - Deflect By Tyler Pitlick.
10:50 of 1st period - Stopped by Joni Ortio without a rebound.
10:51 of 1st period - Peter Holland wins face-off versus Evgeny Kuznetsov in Diablos zone.
11:18 of 1st period - Wrist shot by Dana Tyrell.
11:18 of 1st period - Stopped by Joni Ortio with a rebound.
11:24 of 1st period - Snap shot by Corey Tropp.
11:24 of 1st period - Deflect By Corey Trivino.
11:24 of 1st period - Stopped by Dustin Tokarski without a rebound.
11:25 of 1st period - Dana Tyrell wins face-off versus Corey Trivino in Little Stars zone.
11:55 of 1st period - Wrist shot by Adrian Kempe.
11:55 of 1st period - Shot Blocked by Reece Willcox.
11:57 of 1st period - Wrist shot by Adrian Kempe.
11:57 of 1st period - Stopped by Dustin Tokarski without a rebound.
11:58 of 1st period - Peter Holland wins face-off versus Evgeny Kuznetsov in Little Stars zone.
12:09 of 1st period - Adrian Kempe is hit by Jesse Joensuu and loses puck.
12:40 of 1st period - Minor Penalty to Reece Willcox for Roughing.
12:41 of 1st period - Dana Tyrell wins face-off versus Peter Holland in Little Stars zone.
12:41 of 1st period - Dana Tyrell is hit by Adrian Kempe.
12:53 of 1st period - Tyler Wotherspoon is hit by Danton Heinen and loses puck.
14:40 of 1st period - Penalty to Reece Willcox is over, Reece Willcox is back on ice.
14:55 of 1st period - Slapshot by Michael Mersch.
14:55 of 1st period - Shot Misses the Net.
16:13 of 1st period - Patrick Wiercioch is hit by Jiri Sekac and loses puck.
17:44 of 1st period - Slapshot by Adam Tambellini.
17:44 of 1st period - Stopped by Joni Ortio with a rebound.
18:20 of 1st period - Brian Dumoulin is hit by Patrick Wiercioch and loses puck.
18:42 of 1st period - Minor Penalty to Adrian Kempe for Interference.
18:43 of 1st period - Evgeny Kuznetsov wins face-off versus Tyler Pitlick in Diablos zone.
18:44 of 1st period - Backhand shot by Jesse Joensuu.
18:44 of 1st period - Shot Blocked by Tyler Pitlick.
18:58 of 1st period - Wrist shot by Scott Kosmachuck.
18:58 of 1st period - Shot Blocked by Viktor Loov.
19:44 of 1st period - Slapshot by Corey Tropp.
19:44 of 1st period - Stopped by Dustin Tokarski without a rebound.
19:45 of 1st period - Dana Tyrell wins face-off versus Corey Tropp in Little Stars zone.
19:50 of 1st period - Backhand shot by Dana Tyrell.
19:50 of 1st period - Deflect By Ilya Mikheyev.
19:50 of 1st period - Stopped by Joni Ortio with a rebound.
Goals for this period are 0 for Little Stars vs 0 for Diablos .
Shots for this period are 8 for Little Stars vs 8 for Diablos .

2nd period


0:01 of 2nd period - Evgeny Kuznetsov wins face-off versus Corey Trivino in neutral zone.
0:26 of 2nd period - Corey Trivino is hit by Ilya Mikheyev and loses puck.
0:42 of 2nd period - Penalty to Adrian Kempe is over, Adrian Kempe is back on ice.
0:48 of 2nd period - Icing by Adrian Kempe.
0:49 of 2nd period - Peter Holland wins face-off versus Jason Dickinson in Diablos zone.
0:53 of 2nd period - Off-side.
0:54 of 2nd period - Peter Holland wins face-off versus Jason Dickinson in neutral zone.
1:13 of 2nd period - Adrian Kempe is hit by Michael Mersch and loses puck.
1:35 of 2nd period - Peter Holland is hit by Anton Cederholm and loses puck.
2:04 of 2nd period - Slapshot by Zach Budish.
2:04 of 2nd period - Shot Blocked by Adrian Kempe.
2:06 of 2nd period - Wrist shot by Zach Budish.
2:06 of 2nd period - Shot Misses the Net.
2:12 of 2nd period - Wrist shot by Jason Dickinson.
2:12 of 2nd period - Stopped by Joni Ortio without a rebound.
2:13 of 2nd period - Evgeny Kuznetsov wins face-off versus Adam Gaudette in Diablos zone.
2:38 of 2nd period - Andrei Mironov is hit by Tyler Wotherspoon.
2:39 of 2nd period - Andrei Mironov from Diablos is injured at 2:39 of 2nd period (Torn Left Knee Ligaments).
2:40 of 2nd period - Evgeny Kuznetsov wins face-off versus Peter Holland in Diablos zone.
2:55 of 2nd period - Snap shot by Adrian Kempe.
2:55 of 2nd period - Stopped by Dustin Tokarski with a rebound.
3:06 of 2nd period - Minor Penalty to Patrick Wiercioch for Holding.
3:07 of 2nd period - Dana Tyrell wins face-off versus Peter Holland in Little Stars zone.
3:07 of 2nd period - Dana Tyrell is hit by Peter Holland.
5:06 of 2nd period - Penalty to Patrick Wiercioch is over, Patrick Wiercioch is back on ice.
5:16 of 2nd period - Wrist shot by Ty Rattie.
5:16 of 2nd period - Shot Misses the Net.
5:22 of 2nd period - Wrist shot by Reece Willcox.
5:22 of 2nd period - Shot Misses the Net.
5:24 of 2nd period - Slapshot by Tucker Poolman.
5:24 of 2nd period - Shot Misses the Net.
5:40 of 2nd period - Wrist shot by Joakim Nygard.
5:40 of 2nd period - Stopped by Joni Ortio with a rebound.
5:42 of 2nd period - Snap shot by Reece Willcox.
5:42 of 2nd period - Shot Misses the Net.
5:44 of 2nd period - Snap shot by Daniel O'regan.
5:44 of 2nd period - Stopped by Joni Ortio without a rebound.
5:45 of 2nd period - Dana Tyrell wins face-off versus Corey Trivino in Diablos zone.
5:46 of 2nd period - Slapshot by Ilya Mikheyev.
5:46 of 2nd period - Deflect By Adam Tambellini.
5:46 of 2nd period - Shot Blocked by Corey Tropp.
5:46 of 2nd period - Puck is out of play.
5:47 of 2nd period - Dana Tyrell wins face-off versus Corey Trivino in Diablos zone.
5:52 of 2nd period - Wrist shot by Adam Tambellini.
5:52 of 2nd period - Stopped by Joni Ortio without a rebound.
5:53 of 2nd period - Dana Tyrell wins face-off versus Sergey Tolchinsky in Diablos zone.
6:02 of 2nd period - Wrist shot by Dana Tyrell.
6:02 of 2nd period - Stopped by Joni Ortio without a rebound.
6:03 of 2nd period - Evgeny Kuznetsov wins face-off versus Peter Holland in Diablos zone.
6:12 of 2nd period - Snap shot by Scott Kosmachuck.
6:12 of 2nd period - Stopped by Joni Ortio with a rebound.
6:14 of 2nd period - Slapshot by Tyler Wotherspoon.
6:14 of 2nd period - Stopped by Joni Ortio without a rebound.
6:15 of 2nd period - Evgeny Kuznetsov wins face-off versus Peter Holland in Diablos zone.
6:40 of 2nd period - Viktor Loov is hit by Patrick Wiercioch and loses puck.
7:11 of 2nd period - Slapshot by Joakim Nygard.
7:11 of 2nd period - Shot Misses the Net.
7:23 of 2nd period - Slapshot by Tyler Wotherspoon.
7:23 of 2nd period - Stopped by Joni Ortio with a rebound.
7:25 of 2nd period - Wrist shot by Evgeny Kuznetsov.
7:25 of 2nd period - Stopped by Joni Ortio without a rebound.
7:26 of 2nd period - Evgeny Kuznetsov wins face-off versus Peter Holland in Diablos zone.
7:31 of 2nd period - Wrist shot by Scott Kosmachuck.
7:31 of 2nd period - Goal by Scott Kosmachuck - Little Stars : 1 - Diablos : 0.
7:32 of 2nd period - Evgeny Kuznetsov wins face-off versus Peter Holland in neutral zone.
7:37 of 2nd period - Snap shot by Danton Heinen.
7:37 of 2nd period - Shot Blocked by Tucker Poolman.
7:39 of 2nd period - Slapshot by Viktor Loov.
7:39 of 2nd period - Deflect By Scott Kosmachuck.
7:39 of 2nd period - Stopped by Dustin Tokarski with a rebound.
7:41 of 2nd period - Snap shot by Viktor Loov.
7:41 of 2nd period - Shot Misses the Net.
7:43 of 2nd period - Backhand shot by Brian Dumoulin.
7:43 of 2nd period - Shot Misses the Net.
7:45 of 2nd period - Slapshot by Brian Dumoulin.
7:45 of 2nd period - Stopped by Dustin Tokarski without a rebound.
7:46 of 2nd period - Peter Holland wins face-off versus Evgeny Kuznetsov in Little Stars zone.
8:11 of 2nd period - Tyler Pitlick is hit by Dana Tyrell.
8:36 of 2nd period - Alex Petrovic is hit by Daniel O'regan and loses puck.
8:45 of 2nd period - Slapshot by Daniel O'regan.
8:45 of 2nd period - Shot Misses the Net.
9:27 of 2nd period - Wrist shot by Jason Dickinson.
9:27 of 2nd period - Stopped by Joni Ortio without a rebound.
9:28 of 2nd period - Dana Tyrell wins face-off versus Peter Holland in Diablos zone.
9:35 of 2nd period - Snap shot by Dana Tyrell.
9:35 of 2nd period - Stopped by Joni Ortio with a rebound.
9:37 of 2nd period - Snap shot by Adam Tambellini.
9:37 of 2nd period - Shot Blocked by Alex Petrovic.
9:39 of 2nd period - Slapshot by Adam Tambellini.
9:39 of 2nd period - Shot Misses the Net.
9:41 of 2nd period - Snap shot by Ilya Mikheyev.
9:41 of 2nd period - Stopped by Joni Ortio with a rebound.
9:43 of 2nd period - Slapshot by Ilya Mikheyev.
9:43 of 2nd period - Shot Misses the Net.
10:05 of 2nd period - Slapshot by Scott Kosmachuck.
10:05 of 2nd period - Deflect By Evgeny Kuznetsov.
10:05 of 2nd period - Stopped by Joni Ortio without a rebound.
10:06 of 2nd period - Jesse Joensuu wins face-off versus Corey Trivino in Diablos zone.
10:52 of 2nd period - Snap shot by Jesse Joensuu.
10:52 of 2nd period - Shot Blocked by Brian Dumoulin.
11:04 of 2nd period - Slapshot by Jesse Joensuu.
11:04 of 2nd period - Shot Blocked by Adam Gaudette.
11:06 of 2nd period - Slapshot by Tucker Poolman.
11:06 of 2nd period - Stopped by Joni Ortio with a rebound.
11:08 of 2nd period - Snap shot by Anton Cederholm.
11:08 of 2nd period - Deflect By Jiri Sekac.
11:08 of 2nd period - Stopped by Joni Ortio without a rebound.
11:09 of 2nd period - Dana Tyrell wins face-off versus Peter Holland in Diablos zone.
11:10 of 2nd period - Snap shot by Ilya Mikheyev.
11:10 of 2nd period - Deflect By Adam Tambellini.
11:10 of 2nd period - Stopped by Joni Ortio with a rebound.
11:12 of 2nd period - Wrist shot by Adam Tambellini.
11:12 of 2nd period - Shot Blocked by Andrey Pedan.
11:14 of 2nd period - Wrist shot by Tyler Wotherspoon.
11:14 of 2nd period - Shot Misses the Net.
11:16 of 2nd period - Slapshot by Patrick Wiercioch.
11:16 of 2nd period - Stopped by Joni Ortio without a rebound.
11:17 of 2nd period - Dana Tyrell wins face-off versus Peter Holland in Diablos zone.
11:55 of 2nd period - Wrist shot by Jiri Sekac.
11:55 of 2nd period - Shot Misses the Net.
12:07 of 2nd period - Wrist shot by Corey Tropp.
12:07 of 2nd period - Goal by Corey Tropp - Little Stars : 1 - Diablos : 1.
12:08 of 2nd period - Peter Holland wins face-off versus Evgeny Kuznetsov in neutral zone.
12:17 of 2nd period - Snap shot by Danton Heinen.
12:17 of 2nd period - Shot Misses the Net.
12:19 of 2nd period - Backhand shot by Brian Dumoulin.
12:19 of 2nd period - Shot Misses the Net.
12:21 of 2nd period - Slapshot by Viktor Loov.
12:21 of 2nd period - Shot Blocked by Tucker Poolman.
12:23 of 2nd period - Wrist shot by Danton Heinen.
12:23 of 2nd period - Stopped by Dustin Tokarski without a rebound.
12:24 of 2nd period - Ilya Mikheyev wins face-off versus Adam Gaudette in Little Stars zone.
13:40 of 2nd period - Snap shot by Brian Dumoulin.
13:40 of 2nd period - Stopped by Dustin Tokarski without a rebound.
13:41 of 2nd period - Jason Dickinson wins face-off versus Dominic Turgeon in Little Stars zone.
14:13 of 2nd period - Slapshot by Ty Rattie.
14:13 of 2nd period - Stopped by Dustin Tokarski with a rebound.
14:31 of 2nd period - Dominic Turgeon is hit by Jason Dickinson.
14:35 of 2nd period - Zach Budish is hit by Ty Rattie and loses puck.
14:42 of 2nd period - Michael Mersch is hit by Dominic Turgeon and loses puck.
14:49 of 2nd period - Slapshot by Patrick Wiercioch.
14:49 of 2nd period - Stopped by Joni Ortio without a rebound.
14:50 of 2nd period - Evgeny Kuznetsov wins face-off versus Peter Holland in Diablos zone.
15:35 of 2nd period - Icing by Tyler Pitlick.
15:36 of 2nd period - Daniel O'regan wins face-off versus Jiri Sekac in Diablos zone.
16:13 of 2nd period - Wrist shot by Tyler Pitlick.
16:13 of 2nd period - Stopped by Dustin Tokarski with a rebound.
16:15 of 2nd period - Wrist shot by Jiri Sekac.
16:15 of 2nd period - Stopped by Dustin Tokarski without a rebound.
16:16 of 2nd period - Peter Holland wins face-off versus Dana Tyrell in Little Stars zone.
17:04 of 2nd period - Snap shot by Jason Dickinson.
17:04 of 2nd period - Stopped by Joni Ortio with a rebound.
17:06 of 2nd period - Snap shot by Michael Mersch.
17:06 of 2nd period - Shot Misses the Net.
17:08 of 2nd period - Slapshot by Anton Cederholm.
17:08 of 2nd period - Stopped by Joni Ortio without a rebound.
17:09 of 2nd period - Adrian Kempe wins face-off versus Evgeny Kuznetsov in Diablos zone.
17:19 of 2nd period - Tyler Wotherspoon is hit by Danton Heinen and loses puck.
17:25 of 2nd period - Icing by Evgeny Kuznetsov.
17:26 of 2nd period - Evgeny Kuznetsov wins face-off versus Adam Gaudette in Little Stars zone.
17:49 of 2nd period - Icing by Patrick Wiercioch.
17:50 of 2nd period - Dana Tyrell wins face-off versus Peter Holland in Little Stars zone.
17:59 of 2nd period - Wrist shot by Ilya Mikheyev.
17:59 of 2nd period - Shot Misses the Net.
18:15 of 2nd period - Wrist shot by Dana Tyrell.
18:15 of 2nd period - Stopped by Joni Ortio with a rebound.
18:17 of 2nd period - Slapshot by Dana Tyrell.
18:17 of 2nd period - Stopped by Joni Ortio with a rebound.
18:19 of 2nd period - Wrist shot by Adam Tambellini.
18:19 of 2nd period - Goal by Adam Tambellini - Little Stars : 2 - Diablos : 1.
18:20 of 2nd period - Peter Holland wins face-off versus Evgeny Kuznetsov in neutral zone.
18:45 of 2nd period - Tyler Pitlick is hit by Dana Tyrell and loses puck.
19:24 of 2nd period - Tucker Poolman is hit by Danton Heinen and loses puck.
19:41 of 2nd period - Snap shot by Tyler Pitlick.
19:41 of 2nd period - Stopped by Dustin Tokarski with a rebound.
19:43 of 2nd period - Snap shot by Adam Gaudette.
19:43 of 2nd period - Stopped by Dustin Tokarski with a rebound.
19:45 of 2nd period - Snap shot by Adam Gaudette.
19:45 of 2nd period - Stopped by Dustin Tokarski with a rebound.
19:47 of 2nd period - Slapshot by Brian Dumoulin.
19:47 of 2nd period - Shot Blocked by Reece Willcox.
19:49 of 2nd period - Snap shot by Alex Petrovic.
19:49 of 2nd period - Stopped by Dustin Tokarski without a rebound.
19:50 of 2nd period - Peter Holland wins face-off versus Evgeny Kuznetsov in Little Stars zone.
Goals for this period are 2 for Little Stars vs 1 for Diablos .
Shots for this period are 24 for Little Stars vs 13 for Diablos .

3rd period


0:01 of 3rd period - Peter Holland wins face-off versus Evgeny Kuznetsov in neutral zone.
0:25 of 3rd period - Tyler Pitlick is hit by Dana Tyrell and loses puck.
0:46 of 3rd period - Wrist shot by Corey Tropp.
0:46 of 3rd period - Stopped by Dustin Tokarski with a rebound.
0:54 of 3rd period - Snap shot by Corey Tropp.
0:54 of 3rd period - Stopped by Dustin Tokarski without a rebound.
0:55 of 3rd period - Evgeny Kuznetsov wins face-off versus Peter Holland in Little Stars zone.
1:02 of 3rd period - Peter Holland is hit by Anton Cederholm and loses puck.
1:49 of 3rd period - Dominic Turgeon is hit by Daniel O'regan and loses puck.
2:12 of 3rd period - Slapshot by Adrian Kempe.
2:12 of 3rd period - Shot Misses the Net.
2:28 of 3rd period - Backhand shot by Anton Cederholm.
2:28 of 3rd period - Deflect By Jesse Joensuu.
2:28 of 3rd period - Stopped by Joni Ortio with a rebound.
2:30 of 3rd period - Snap shot by Evgeny Kuznetsov.
2:30 of 3rd period - Stopped by Joni Ortio with a rebound.
2:32 of 3rd period - Slapshot by Anton Cederholm.
2:32 of 3rd period - Shot Misses the Net.
2:34 of 3rd period - Slapshot by Anton Cederholm.
2:34 of 3rd period - Shot Blocked by Corey Trivino.
2:56 of 3rd period - Alex Petrovic is hit by Patrick Wiercioch and loses puck.
3:31 of 3rd period - Slapshot by Alex Petrovic.
3:31 of 3rd period - Shot Misses the Net.
3:33 of 3rd period - Slapshot by Ty Rattie.
3:33 of 3rd period - Stopped by Dustin Tokarski without a rebound.
3:34 of 3rd period - Dominic Turgeon wins face-off versus Dana Tyrell in Little Stars zone.
4:07 of 3rd period - Evgeny Kuznetsov is hit by Jakub Vrana and loses puck.
4:29 of 3rd period - Ty Rattie is hit by Zach Budish and loses puck.
4:42 of 3rd period - Wrist shot by Peter Holland.
4:42 of 3rd period - Goal by Peter Holland - Little Stars : 2 - Diablos : 2.
4:43 of 3rd period - Evgeny Kuznetsov wins face-off versus Peter Holland in neutral zone.
5:09 of 3rd period - Adam Gaudette is hit by Dana Tyrell and loses puck.
5:24 of 3rd period - Minor Penalty to Ilya Mikheyev for Interference.
5:25 of 3rd period - Peter Holland wins face-off versus Evgeny Kuznetsov in Little Stars zone.
7:24 of 3rd period - Penalty to Ilya Mikheyev is over, Ilya Mikheyev is back on ice.
7:32 of 3rd period - Tyler Wotherspoon is hit by Jakub Vrana and loses puck.
8:23 of 3rd period - Peter Holland is hit by Daniel O'regan and loses puck.
8:38 of 3rd period - Wrist shot by Zach Budish.
8:38 of 3rd period - Shot Misses the Net.
8:40 of 3rd period - Slapshot by Ville Pokka.
8:40 of 3rd period - Stopped by Joni Ortio without a rebound.
8:41 of 3rd period - Dominic Turgeon wins face-off versus Evgeny Kuznetsov in Diablos zone.
9:04 of 3rd period - Ville Pokka is hit by Brian Dumoulin and loses puck.
9:28 of 3rd period - Patrick Wiercioch is hit by Dean Kukan and loses puck.
9:49 of 3rd period - Dean Kukan is hit by Reece Willcox and loses puck.
10:34 of 3rd period - Anton Cederholm is hit by Andrey Pedan and loses puck.
11:11 of 3rd period - Dean Kukan is hit by Daniel O'regan and loses puck.
11:28 of 3rd period - Minor Penalty to Sergey Tolchinsky for Tripping.
11:29 of 3rd period - Corey Trivino wins face-off versus Evgeny Kuznetsov in Diablos zone.
12:22 of 3rd period - Anton Cederholm is hit by Peter Holland and loses puck.
13:28 of 3rd period - Penalty to Sergey Tolchinsky is over, Sergey Tolchinsky is back on ice.
13:35 of 3rd period - Daniel O'regan is hit by Alex Petrovic and loses puck.
13:40 of 3rd period - Snap shot by Dominic Turgeon.
13:40 of 3rd period - Shot Misses the Net.
13:42 of 3rd period - Snap shot by Jakub Vrana.
13:42 of 3rd period - Shot Misses the Net.
13:44 of 3rd period - Wrist shot by Ty Rattie.
13:44 of 3rd period - Shot Misses the Net.
13:46 of 3rd period - Wrist shot by Ty Rattie.
13:46 of 3rd period - Stopped by Dustin Tokarski with a rebound.
14:39 of 3rd period - Icing by Dominic Turgeon.
14:40 of 3rd period - Dominic Turgeon wins face-off versus Jason Dickinson in Diablos zone.
14:59 of 3rd period - Alex Petrovic is hit by Michael Mersch.
15:31 of 3rd period - Anton Cederholm is hit by Sergey Tolchinsky and loses puck.
15:47 of 3rd period - Sergey Tolchinsky is hit by Jesse Joensuu and loses puck.
16:06 of 3rd period - Snap shot by Corey Trivino.
16:06 of 3rd period - Shot Blocked by Scott Kosmachuck.
16:08 of 3rd period - Wrist shot by Viktor Loov.
16:08 of 3rd period - Shot Blocked by Reece Willcox.
16:10 of 3rd period - Wrist shot by Corey Trivino.
16:10 of 3rd period - Stopped by Dustin Tokarski with a rebound.
16:12 of 3rd period - Slapshot by Viktor Loov.
16:12 of 3rd period - Shot Blocked by Ville Pokka.
16:14 of 3rd period - Snap shot by Corey Trivino.
16:14 of 3rd period - Shot Blocked by Ville Pokka.
16:16 of 3rd period - Snap shot by Sergey Tolchinsky.
16:16 of 3rd period - Deflect By Corey Trivino.
16:16 of 3rd period - Shot Misses the Net.
16:16 of 3rd period - Puck is out of play.
16:17 of 3rd period - Peter Holland wins face-off versus Daniel O'regan in Little Stars zone.
16:25 of 3rd period - Minor Penalty to Sebastian Wannstrom for Hooking.
16:26 of 3rd period - Peter Holland wins face-off versus Evgeny Kuznetsov in Little Stars zone.
16:56 of 3rd period - Snap shot by Jiri Sekac.
16:56 of 3rd period - Shot Misses the Net.
16:58 of 3rd period - Slapshot by Dean Kukan.
16:58 of 3rd period - Shot Blocked by Patrick Wiercioch.
17:00 of 3rd period - Wrist shot by Jiri Sekac.
17:00 of 3rd period - Deflect By Tyler Pitlick.
17:00 of 3rd period - Shot Misses the Net.
17:00 of 3rd period - Puck is out of play.
17:01 of 3rd period - Danton Heinen wins face-off versus Dana Tyrell in Little Stars zone.
17:02 of 3rd period - Wrist shot by Adrian Kempe.
17:02 of 3rd period - Stopped by Dustin Tokarski without a rebound.
17:03 of 3rd period - Dana Tyrell wins face-off versus Peter Holland in Little Stars zone.
17:16 of 3rd period - Snap shot by Tyler Pitlick.
17:16 of 3rd period - Stopped by Dustin Tokarski without a rebound.
17:17 of 3rd period - Dana Tyrell wins face-off versus Corey Trivino in Little Stars zone.
18:25 of 3rd period - Penalty to Sebastian Wannstrom is over, Sebastian Wannstrom is back on ice.
18:25 of 3rd period - Daniel O'regan is hit by Jiri Sekac and loses puck.
18:38 of 3rd period - Adam Gaudette is hit by Patrick Wiercioch and loses puck.
19:23 of 3rd period - Icing by Viktor Loov.
19:24 of 3rd period - Peter Holland wins face-off versus Evgeny Kuznetsov in Diablos zone.
19:35 of 3rd period - Wrist shot by Adam Gaudette.
19:35 of 3rd period - Shot Hit the Post.
19:45 of 3rd period - Andrey Pedan is hit by Joakim Nygard and loses puck.
Goals for this period are 0 for Little Stars vs 1 for Diablos .
Shots for this period are 3 for Little Stars vs 8 for Diablos .

Overtime #1


0:01 of 1st overtime period - Dana Tyrell wins face-off versus Peter Holland in neutral zone.
0:10 of 1st overtime period - Backhand shot by Evgeny Kuznetsov.
0:10 of 1st overtime period - Shot Blocked by Brian Dumoulin.
0:12 of 1st overtime period - Wrist shot by Evgeny Kuznetsov.
0:12 of 1st overtime period - Stopped by Joni Ortio without a rebound.
0:13 of 1st overtime period - Peter Holland wins face-off versus Dana Tyrell in Diablos zone.
0:28 of 1st overtime period - Dana Tyrell is hit by Viktor Loov and loses puck.
1:02 of 1st overtime period - Wrist shot by Joakim Nygard.
1:02 of 1st overtime period - Goal by Joakim Nygard - Little Stars : 3 - Diablos : 2.
Goals for this period are 1 for Little Stars vs 0 for Diablos .
Shots for this period are 2 for Little Stars vs 0 for Diablos .